 Dungeon Sprint DCSS version 0.21-a0-405-gf2af9a1 (webtiles) character file.

138 Kidiri the Insei (level 4, 0/60 HPs)
             Began as a Demigod Transmuter on Nov 1, 2017.
             Slain by an ice beast (13 damage)
             ... in the Dungeon (Sprint IX: "|||||||||||||||||||||||||||||").
             The game lasted 00:00:52 (138 turns).

Kidiri the Insei (Demigod Transmuter)                Turns: 138, Time: 00:00:52

Health: 0/60       AC:  2    Str: 20    XL:     4   Next: 70%
Magic:  9/13       EV: 14    Int: 17    God:
Gold:   0          SH:  0    Dex: 16    Spells: 10/11 levels left

rFire    . . .     SeeInvis .     - Unarmed
rCold    . . .     Gourm    .   (no shield)
rNeg     . . .     Faith    .   b - +0 robe
rPois    .         Spirit   .   (no helmet)
rElec    .         Reflect  .   (no cloak)
rCorr    .         Harm     .   (no gloves)
MR       .....     NoTele   +   (no boots)
Stlth    ..........             (no amulet)
HPRegen  0.20/turn              (no ring)
MPRegen  0.13/turn              (no ring)

@: berserking (expiring), slowed
A: high mp 1
a: no special abilities


You were in the Dungeon.
You were not hungry.

You visited 1 branch

Inventory:

Missiles
 a - 12 arrows
Armour
 b - a +0 robe (worn)
Scrolls
 j - a scroll of blinking
Potions
 f - a potion of heal wounds
 g - a potion of haste
 h - 2 potions of magic
Books
 c - a book of Changes

   Spells                             Type                      Level
   a - Beastly Appendage              Transmutation                1
   b - Sticks to Snakes               Transmutation                2
   c - Spider Form                    Transmutation/Poison         3
   d - Ice Form                       Ice/Transmutation            4
   e - Blade Hands                    Transmutation                5
Comestibles
 d - a bread ration
 k - 6 chunks of flesh


   Skills:
 * Level 4.0 Fighting
 + Level 2.5 Armour
 + Level 3.3 Dodging
 + Level 2.8 Stealth
 * Level 4.8 Unarmed Combat
 * Level 4.0 Spellcasting
 + Level 3.3 Transmutations


You had 10 spell levels left.
You knew the following spells:

 Your Spells              Type           Power        Failure   Level  Hunger
a - Beastly Appendage     Tmut           ##....       4%          1    None


Dungeon Overview and Level Annotations

Branches:
Dungeon (1/1)


Innate Abilities, Weirdness & Mutations

You have an increased reservoir of magic. (+10% MP)


Message History

You closely miss the worker ant. You headbutt the worker ant.
You kill the worker ant!
Your Fighting skill increases to level 4!
Your Spellcasting skill increases to level 4!
Unknown command.
You closely miss the ice beast. Your headbutt misses the ice beast.
The ice beast hits you but does no damage.
Unknown command.
You hit the ice beast.
The ice beast is lightly wounded.
The ice beast hits you. The ice beast freezes you!
* * * LOW HITPOINT WARNING * * *
Unknown command.
You closely miss the ice beast. Your headbutt misses the ice beast.
The ice beast is lightly wounded.
Your horns disappear.
The crimson imp blinks!
The ice beast hits you.
* * * LOW HITPOINT WARNING * * *
The ice beast freezes you!
You die...

▓+▓
▓.▓
▓.▓
▓.▓
▓.▓
▓§▓
▓Y▓
▓@▓
▓.▓
▓.▓
▓5▓
▓)▓
▓'▓
▓.▓
▓.▓
▓.▓


You could see an ice beast and a crimson imp.

Vanquished Creatures
  An ogre (D)
  An orc wizard (D)
  A worker ant (D)
  A ball python (D)
  A bat (D)
  A giant cockroach (D)
  A goblin (D)
  A hobgoblin (D)
8 creatures vanquished.

Vanquished Creatures (others)
  A spatial maelstrom (D)
1 creature vanquished.

Grand Total: 9 creatures vanquished

Notes
Turn   | Place    | Note
-------+----------+-------------------------------------------
     0 | D        | Kidiri the Demigod Transmuter began the quest for the Orb.
     0 | D        | Reached XP level 1. HP: 15/15 MP: 5/5
     1 | D        | Banished a spatial maelstrom
    10 | D        | Reached skill level 1 in Fighting
   122 | D        | Noticed an ice beast
   122 | D        | Noticed a crimson imp
   122 | D        | Noticed a worker ant
   122 | D        | Noticed an ogre
   122 | D        | Noticed an orc wizard
   128 | D        | Killed an orc wizard
   128 | D        | Reached skill level 1 in Armour
   128 | D        | Reached skill level 1 in Stealth
   128 | D        | Reached XP level 2. HP: 25/25 MP: 6/8
   128 | D        | Reached XP level 3. HP: 30/30 MP: 7/10
   132 | D        | Killed an ogre
   132 | D        | Reached XP level 4. HP: 35/40 MP: 8/12
   138 | D        | Slain by an ice beast

Vault maps used:
D:        linesprint

Skill      XL: |  1  2  3  4 |
---------------+-------------+-----
Fighting       | 2 3 4 |  4.0
Spellcasting   | 2 3 4 |  4.0
Dodging        | 2 3 |  3.3
Unarmed Combat | 3 4 |  4.8
Transmutations | 2 3 |  3.3
Armour         | 1 2 |  2.5
Stealth        | 1 2 |  2.8

Action                   |  1- 3 |  4- 6 || total
-------------------------+-------+-------++-------
Melee: Unarmed           |    19 |     6 ||    25
       Kick              |     2 |       ||     2
       Headbutt          |     1 |     1 ||     2
 Cast: Beastly Appendage |     2 |       ||     2
  Use: Potion            |     2 |       ||     2
Armor: Robe              |     3 |     1 ||     4
Dodge: Dodged            |     9 |     1 ||    10

Table legend:
 A = Spawn XP
 B = Non-spawn XP
 C = Spawn XP percentage of total XP
 D = Spawn monster count
 E = Non-spawn monster count
 F = Spawn count percentage of total count
 G = Total turns spent on level
                    A         B        C        D         E        F      G
               +---------+---------+-------+---------+---------+-------+---------
         Total |       0 |     198 |   0.0 |       0 |       8 |   0.0 |   138
               +---------+---------+-------+---------+---------+-------+---------
             D |       0 |     198 |   0.0 |       0 |       8 |   0.0 |   138
               +---------+---------+-------+---------+---------+-------+---------
